 Dungeon Crawl Stone Soup version 0.20-a0-2-g2b0e13a (webtiles) character file.

315 Gobser the Ruffian (level 6, -2/61 HPs)
             Began as a Troll Monk on Oct 28, 2016.
             Was a Believer of Nemelex Xobeh.
             Killed by a card of wild magic (10 damage)
             ... on level 4 of the Dungeon.
             The game lasted 00:15:22 (2892 turns).

Gobser the Ruffian (Troll Monk)                     Turns: 2892, Time: 00:15:30

Health: -2/61      AC:  6    Str: 22    XL:     6   Next: 20%
Magic:  5/5        EV: 11    Int:  6    God:    Nemelex Xobeh [**....]
Gold:   193        SH:  0    Dex: 14    Spells: 0 memorised, 5 levels left

rFire  . . .     SeeInvis .       - Unarmed
rCold  . . .     Gourm    +     d - +0 robe
rNeg   . . .     Faith    .     (no shield)
rPois  .         Spirit   .     (helmet restricted)
rElec  .         Reflect  .     j - +0 cloak
rCorr  .         Harm     .     (gloves unavailable)
MR     .....                    (boots unavailable)
Stlth  ++........               e - amulet of magic regeneration
                                (no ring)
                                (no ring)

@: lethally poisoned (-2 -> -3)
A: unfitting armour, claws 3, fast metabolism 3, gourmand, regeneration 1,
shaggy fur 1, strong 1, tough skin 2
a: Renounce Religion


You were on level 4 of the Dungeon.
You worshipped Nemelex Xobeh.
Nemelex Xobeh was pleased with you.
You were hungry.

You visited 1 branch of the dungeon, and saw 4 of its levels.

You collected 193 gold pieces.

Inventory:

Hand Weapons
 b - a +0 flail
Missiles
 h - 7 tomahawks (quivered)
Armour
 a - a +0 robe
 d - a +0 robe (worn)
 j - a +0 cloak (worn)
Jewellery
 e - an amulet of magic regeneration (around neck)
Scrolls
 g - 6 scrolls of remove curse
 k - 6 scrolls of identify
 n - a scroll of random uselessness {unknown}
 o - a scroll of teleportation
Miscellaneous
 f - a plain deck of destruction {drawn: 4}
 m - a plain deck of destruction {drawn: 2}
Comestibles
 c - a meat ration
 i - 2 slices of pizza
 l - 2 royal jellies
 p - a bread ration


   Skills:
 + Level 3.0 Fighting
 + Level 0.3 Throwing
 + Level 3.3 Dodging
 + Level 1.8 Stealth
 + Level 5.3 Unarmed Combat
 + Level 0.5 Invocations


You had 5 spell levels left.
You didn't know any spells.

Dungeon Overview and Level Annotations

Branches:
Dungeon (4/15)
 Temple: D:4-7

Altars:
Fedhas
Makhleb
Nemelex Xobeh


Innate Abilities, Weirdness & Mutations

You are too large for most types of armour.
You have claws for hands.
Your metabolism is lightning-fast.
You like to eat raw meat.
Your natural rate of healing is unusually fast.
You are covered in fur. (AC +1)
You have very tough skin. (AC +2)
Your muscles are strong. (Str +2)


Message History

You draw a card...
It is the Orb.
You have drawn the Orb.
Press: ? - help, Shift-Dir - straight line, f - orc, p - orc
Aim: an orc, wearing a ring mail The orb of energy hits the orc.
The orc is severely wounded.
The orb of energy explodes!
The mystic blast hits the orc.
You kill the orc!
The orc hits you but does no damage.
The orc priest miscasts a cantrip.
Evoke which item? (* to show all) (? for menu, Esc to quit)
You draw a card...
It is Wild Magic.
Flames sear the orc.
The orc is caught in an explosion of flying shrapnel!
The explosion engulfs the orc.
The orc dies!
The explosion engulfs the orc.
The orc dies!
The explosion engulfs you!
You die...
Your body glows slightly and disappears.

..≈#..## #....### #
.......# ##......####
♣.....###.......(... .?
......#............ ..♣
#................. ≈...
#.................
#...###.................
........................
#......@.....>..####....
###...)[.......## ###..
##...........# #..
###...#.....# #..
#.o.#...).# #..
#...o.$.#.....# ...
........##...... ...
#................
####.....


You could see an orc priest and an orc wizard.

Vanquished Creatures
  A phantom (D:4)
  2 worker ants (D:4)
  Terence (D:2)
  An orc wizard (D:3)
  2 adders (D:2)
  2 oozes
  3 worms
  3 dart slugs
  5 leopard geckos
  6 orcs
  5 giant cockroaches
  6 goblins
  10 hobgoblins
  2 jackals (D:1)
  2 ball pythons
  7 bats
  5 frilled lizards
  6 kobolds
  9 rats
  A bush (D:1)
79 creatures vanquished.

Vanquished Creatures (collateral kills)
  A hobgoblin (D:3)
  A rat (D:3)
2 creatures vanquished.

Vanquished Creatures (others)
  2 orcs (D:4)
2 creatures vanquished.

Grand Total: 83 creatures vanquished

Notes
Turn   | Place    | Note
-------+----------+-------------------------------------------
     0 | D:1      | Gobser the Troll Monk began the quest for the Orb.
     0 | D:1      | Reached XP level 1. HP: 22/22 MP: 0/0
    41 | D:1      | Reached XP level 2. HP: 26/29 MP: 1/1
   121 | D:1      | Gained mutation: Your muscles are strong. (Str +2) [potion of beneficial mutation]
   473 | D:1      | Reached XP level 3. HP: 30/36 MP: 2/2
  1088 | D:2      | Noticed Terence
  1292 | D:2      | Killed Terence
  1314 | D:2      | Found a blossoming altar of Fedhas.
  1333 | D:2      | Reached XP level 4. HP: 44/44 MP: 3/3
  1554 | D:2      | Reached skill level 4 in Unarmed Combat
  2141 | D:3      | Found a burning altar of Makhleb.
  2142 | D:3      | Found a sparkling altar of Nemelex Xobeh.
  2147 | D:3      | Reached XP level 5. HP: 53/53 MP: 4/4
  2149 | D:3      | Became a worshipper of Nemelex Xobeh the Trickster
  2149 | D:3      | Received a gift from Nemelex Xobeh
  2149 | D:3      | Reached * piety under Nemelex Xobeh
  2149 | D:3      | Reached ** piety under Nemelex Xobeh
  2675 | D:4      | Received a gift from Nemelex Xobeh
  2804 | D:4      | Noticed a phantom
  2827 | D:4      | Killed a phantom
  2827 | D:4      | Reached skill level 5 in Unarmed Combat
  2827 | D:4      | Reached XP level 6. HP: 61/61 MP: 5/5
  2892 | D:4      | Killed by a card of wild magic

Vault maps used:
D:1:      tarquinn_simple_flora_water_c, serial_forest,
          infiniplex_forest_clump_curved, infiniplex_forest_clump_long,
          infiniplex_forest_corner_2, infiniplex_forest_end_1,
          infiniplex_forest_clump_long, infiniplex_forest_zigzag_1,
          infiniplex_forest_lined_corner, infiniplex_forest_straight_2,
          minmay_hexomino_c4
D:2:      fedhas_altar_1, uniq_terence
D:3:      gammafunk_temple_overflow_pools
D:4:      elyvilon_altar_4, serial_shops, nicolae_shop_crystal,
          roderic_lattice_a

Skill      XL: |  1  2  3  4  5 |
---------------+----------------+-----
Unarmed Combat | 4 5 |  5.3
Fighting       | 3 |  3.0
Dodging        | 3 |  3.3
Throwing       | |  0.3
Stealth        | |  1.8
Invocations    | |  0.5

Action                   |  1- 3 |  4- 6 || total
-------------------------+-------+-------++-------
Melee: Unarmed           |   134 |   110 ||   244
       Punch             |     4 |     2 ||     6
Throw: Tomahawk          |     3 |     2 ||     5
Evoke: Deck              |       |     5 ||     5
  Use: Scroll            |     6 |     1 ||     7
       Potion            |     3 |     5 ||     8
 Stab: Sleeping          |     1 |     4 ||     5
  Eat: Bread ration      |     2 |     1 ||     3
       Meat ration       |       |     2 ||     2
Armor: Robe              |    38 |    39 ||    77
Dodge: Dodged            |    52 |    76 ||   128
